 Dungeon Crawl Stone Soup version 0.27.1-33-g824d729ab1 (webtiles) character file.

Game seed: 9678869434484555704

985 pkoi the Ruffian (level 7, -4/52 HPs)
             Began as a Black Draconian Transmuter on Dec 16, 2021.
             Was a Follower of Elyvilon.
             Slain by a black bear (5 damage)
             ... on level 6 of the Dungeon.
             The game lasted 00:08:10 (8165 turns).

pkoi the Ruffian (Black Draconian Transmuter)       Turns: 8165, Time: 00:08:11

Health: -4/52      AC:  8    Str: 11 (13) XL:     7   Next: 97%
Magic:  10/10      EV: 11    Int: 13 (15) God:    Elyvilon [*.....]
Gold:   174        SH:  0    Dex:  8 (11) Spells: 1/10 levels left

rFire    . . .     SeeInvis .     - Unarmed
rCold    . . .     Faith    .   (no shield)
rNeg     . . .     Spirit   .   (armour unavailable)
rPois    .         Reflect  .   (helmet restricted)
rElec    +         Harm     .   (no cloak)
rCorr    .         Rampage  .   (no gloves)
Will     .....                  o - +1 pair of boots
Stlth    +.........             (no amulet)
HPRegen  0.17/turn              (no ring)
MPRegen  0.12/turn              (no ring)

@: short of breath, attractive
A: breathe lightning, AC +6, unfitting armour, electricity resistance,
cold-blooded
a: Breathe Lightning, Renounce Religion, Lesser Healing, Divine Protection


You were on level 6 of the Dungeon.
You worshipped Elyvilon.
Elyvilon was aware of your devotion.
You visited 1 branch of the dungeon, and saw 6 of its levels.

You collected 174 gold pieces.

Inventory:

Hand Weapons
 b - the +8 storm bow {elec, penet}
   (You acquired it on level 5 of the Dungeon)

   Any ammunition fired from it occasionally discharges a powerful burst of
   electricity upon striking a foe.
   Any ammunition fired by it passes through the targets it hits, potentially
   hitting all targets in its path until it reaches maximum range.
 k - a +2 rapier of venom
Missiles
 c - 45 arrows
Armour
 o - a +1 pair of boots (worn)
Jewellery
 m - an amulet of magic regeneration
Scrolls
 d - a scroll of silence {unknown}
 f - a scroll of enchant weapon {unknown}
 g - a scroll of teleportation {unknown}
 h - a scroll of immolation {unknown}
 i - 3 scrolls of vulnerability {unknown}
 p - a scroll of enchant armour {unknown}
 r - a scroll of identify {unknown}
 s - a scroll of magic mapping {unknown}
Potions
 a - 2 potions of brilliance {unknown}
 e - 3 potions of curing {unknown}
 j - a potion of attraction
 l - 2 potions of degeneration
 n - a potion of lignification {unknown}
 q - a potion of flight {unknown}
 t - a potion of heal wounds {unknown}


   Skills:
 - Level 1.1 Fighting
 + Level 3.5 Bows
 - Level 1.7 Dodging
 - Level 7.3 Unarmed Combat
 - Level 2.0 Spellcasting
 - Level 2.0 Translocations
 - Level 3.6 Transmutations
 - Level 0.8 Ice Magic
 - Level 0.7 Poison Magic
 - Level 1.8 Invocations


You had one spell level left.
You knew the following spells:

 Your Spells              Type           Power      Damage    Failure   Level
a - Beastly Appendage     Tmut           20%        N/A       5%          1
b - Spider Form           Tmut/Pois      3%         N/A       30%         3
c - Ice Form              Ice/Tmut       7%         N/A       69%         4
d - Apportation           Tloc           12%        N/A       11%         1

Your spell library contained the following spells:

 Spells                   Type           Power      Damage    Failure   Level
 Wereblood                Tmut           10%        N/A       9%          2
 Alistair's Intoxication  Tmut/Pois      4%         N/A       96%         5
 Invisibility             Hex            0%         N/A       100%        6


Dungeon Overview and Level Annotations

Branches:
Dungeon (6/15)             Temple (0/1) D:6

Altars:
Elyvilon
Sif Muna
Vehumet
The Shining One

Shops:
D:2 :


Innate Abilities, Weirdness & Mutations

You can breathe wild blasts of lightning.
Your glossy black scales are hard. (AC +6)
You cannot fit into any form of body armour.
You are resistant to electric shocks. (rElec)
You are cold-blooded and may be slowed by cold attacks.


Message History

Unknown command.
You barely miss the black bear. You punch the black bear.
The black bear is almost dead.
The black bear closely misses you. The black bear claws you.
* * * LOW HITPOINT WARNING * * *
The black bear claws you but does no damage.
The phantom barely misses you. The howler monkey zombie hits you.
* * * LOW HITPOINT WARNING * * *
Okay, then.
Unknown command.
Okay, then.
Unknown command.
You breathe a wild blast of lightning!
The orb of electricity explodes!
The orb of electricity engulfs the phantom!!
You destroy the phantom!
You hear a clap of thunder!
You hear a shout! x4; You hear an angry hiss.
You hear a croak.
You hear an angry hiss.
The black bear closely misses you. The black bear claws you.
* * * LOW HITPOINT WARNING * * *
The black bear claws you but does no damage.
The howler monkey zombie hits you.
* * * LOW HITPOINT WARNING * * *
The black bear bites you but does no damage.
The black bear closely misses you. The black bear barely misses you.
Unknown command.
Unknown command.
Unknown command.
Unknown command.
Unknown command.
It was a potion of degeneration.
There was something very wrong with that liquid.
You feel weakened.
You feel dopey.
You feel clumsy. The black bear closely misses you.
The black bear claws you but does no damage. x2
The howler monkey zombie misses you.
Your magical contamination has completely faded away.
It was a potion of attraction.
You feel attractive to monsters. The black bear bites you.
You die...

....... #.... . #..#
....(...# #.<##
#.#.(...## ##..#
$#.#.....# ##..#
#.#.#....###...#
.>.#......#hZ..###..
#.#.#(.....@........
.#.#..............##
#.#..[...##.....###
................#
...........####.#
........#### ..#
......### ...#
....## ..# .... ...


You could see a black bear (berserk) and a howler monkey zombie.

Vanquished Creatures
  An ogre (D:5)
  2 black bears
  A phantom (D:6)
  A gnoll sergeant (D:5)
  A centaur zombie (D:5)
  3 orc priests
  2 hounds (D:5)
  A jelly (D:5)
  A bullfrog skeleton (D:5)
  2 orc wizards
  Natasha (twice) (D:2)
  A hound zombie (D:4)
  A hound skeleton (D:4)
  6 gnolls
  4 adders
  A howler monkey skeleton (D:5)
  3 river rats (D:3)
  An adder skeleton (D:4)
  2 worms
  A dart slug (D:4)
  12 orcs
  5 bats
  7 endoplasms
  2 giant cockroaches
  6 goblins
  4 hobgoblins
  8 jackals
  3 kobolds
  A quokka (D:2)
  3 ball pythons
  A frilled lizard (D:2)
  4 rats
93 creatures vanquished.

Vanquished Creatures (others)
  2 fungi (D:1)
  A plant (D:1)
3 creatures vanquished.

Grand Total: 96 creatures vanquished

Notes
Turn   | Place    | Note
-------+----------+-------------------------------------------
     0 | D:1      | pkoi the Draconian Transmuter began the quest for the Orb.
     0 | D:1      | Reached XP level 1. HP: 16/16 MP: 3/3
   371 | D:1      | Reached XP level 2. HP: 17/23 MP: 3/5
   789 | D:1      | Found a faded altar of an unknown god.
   939 | D:2      | Reached skill level 4 in Unarmed Combat
  1234 | D:2      | Found Zila's Book Shop.
  1235 | D:2      | Noticed Natasha
  1252 | D:2      | Noticed a crimson imp
  1253 | D:2      | Reached XP level 3. HP: 28/28 MP: 4/6
  1258 | D:2      | Killed Natasha
  1867 | D:2      | Noticed Natasha
  1879 | D:2      | Killed Natasha
  1880 | D:2      | Reached skill level 5 in Unarmed Combat
  1880 | D:2      | Reached XP level 4. HP: 9/35 MP: 5/7
  3093 | D:2      | Reached XP level 5. HP: 29/40 MP: 6/8
  3701 | D:3      | Reached skill level 6 in Unarmed Combat
  4714 | D:4      | Reached XP level 6. HP: 41/47 MP: 7/9
  4765 | D:4      | Learned a level 3 spell: Spider Form
  4770 | D:4      | Learned a level 4 spell: Ice Form
  4968 | D:4      | Found a white marble altar of Elyvilon.
  5049 | D:4      | Learned a level 1 spell: Apportation
  5324 | D:4      | Found a glowing golden altar of the Shining One.
  5467 | D:4      | Became a worshipper of Elyvilon the Healer
  5585 | D:5      | Entered Level 5 of the Dungeon
  5749 | D:5      | Reached skill level 1 in Translocations
  6232 | D:4      | Reached skill level 1 in Invocations
  6246 | D:5      | HP: 2/47 [orc (5)]
  6248 | D:5      | Your scales start taking on a glossy black colour.
  6248 | D:5      | Reached XP level 7. HP: 2/52 MP: 10/10
  6248 | D:5      | Gained mutation: You are resistant to electric shocks.
                  | (rElec) [Black Draconian growth]
  6705 | D:5      | Reached skill level 7 in Unarmed Combat
  6833 | D:5      | Reached * piety under Elyvilon
  7185 | D:5      | Identified a scroll of acquirement
  7185 | D:5      | Acquired the +8 storm bow {elec, penet}
  7185 | D:5      | Found the +8 storm bow {elec, penet}
  7195 | D:5      | Found a radiant altar of Vehumet.
  7577 | D:5      | Found a shimmering blue altar of Sif Muna.
  7876 | D:5      | Reached skill level 1 in Bows
  8156 | D:6      | Found a staircase to the Ecumenical Temple.
  8163 | D:6      | HP: 1/52 [howler monkey zombie (2)]
  8165 | D:6      | Slain by a black bear

Illustrated notes

Levels and vault maps discovered:
D:1:      dpeg_arrival_pond, layout_loops_cross, shapermc_ecumenical_altar_petra
D:2:      layout_loops_ring, serial_shops, nicolae_diamond_shop, uniq_natasha
D:3:      layout_loops_ring, portal_sewer_entry_b, minmay_between
D:4:      layout_basic, mainiacjoe_overflow_large_starburst
D:5:      layout_gridville, chequers_temple_overflow_statue_of_worship
D:6:      layout_layer_cave, minmay_temple_entry_grid, serial_shops, shop

Skill      XL: |  1  2  3  4  5  6  7 |
---------------+----------------------+-----
Unarmed Combat | 4 5 6 7 |  7.3
Transmutations | 3 |  3.6
Translocations | 1 2 |  2.0
Invocations    | 1 |  1.8
Bows           | 3 |  3.5
Fighting       | |  1.1
Dodging        | |  1.7
Spellcasting   | |  2.0
Ice Magic      | |  0.8
Poison Magic   | |  0.7

Action                   |  1- 3 |  4- 6 |  7- 9 || total
-------------------------+-------+-------+-------++-------
Melee: Unarmed           |    82 |   200 |    39 ||   321
       Kick              |    10 |    35 |    10 ||    55
       Headbutt          |     7 |    19 |    10 ||    36
       Tailslap          |     5 |    25 |     4 ||    34
       Punch             |     1 |     2 |     2 ||     5
 Fire: Longbow           |       |       |    15 ||    15
 Cast: Beastly Appendage |    17 |    31 |     7 ||    55
 Abil: Breathe Lightning |       |       |     1 ||     1
  Use: Scroll            |       |       |     4 ||     4
       Potion            |       |       |     2 ||     2
 Stab: Sleeping          |     1 |       |       ||     1
Armor: Skin              |    17 |    63 |    24 ||   104
Dodge: Dodged            |    36 |   121 |    47 ||   204
